 Dungeon Crawl Stone Soup version 0.32-a0-791-gfc315c9ecd (webtiles) character file.

Game seed: 9837725115136194266

1371 warriortoast the Sneak (level 8, -4/48 (54) HPs)
             Began as an Octopode Shapeshifter on Mar 20, 2024.
             Slain by a wight
             ... wielding a +4 trident
              (17 damage)
             ... on level 4 of the Dungeon.
             The game lasted 00:15:07 (5224 turns).

warriortoast the Sneak (Octopode Shapeshifter)      Turns: 5224, Time: 00:15:07

HP:   -4/48 (54)    AC:  1    Str: 14    XL:     8   Next: 65%
MP:   14/14         EV: 12    Int: 14    God:
Gold: 217           SH:  0    Dex: 11    Spells: 10/15 levels left

rFire   . .          .
                       - Unarmed
rCold   . . .        (no shield)
rNeg    . . .        (helmet currently unavailable)
rPois   .            (no amulet)
rElec   .            (no ring)
rCorr   .            (no ring)
SInv    .            (no ring)
Will    .....        (no ring)
Stlth   ++++         (no ring)
HPRegen 0.28/turn    (no ring)
MPRegen 0.14/turn    (no ring)
                     (no ring)

%: no passive effects
@: beast-form, heavily drained
A: beast (slay +3), almost no armour, amphibious, 8 rings, camouflage 1,
gelatinous body 1, (nimble swimmer 1), tentacles
a: Begin Untransformation


You were on level 4 of the Dungeon.
You were a hulking beast.
You visited 1 branch of the dungeon, and saw 5 of its levels.

You collected 217 gold pieces.

Inventory:

Hand Weapons
 a - a +4 heavy flail
 e - a +1 dagger of holy wrath
Talismans
 b - a beast talisman (active)
 c - a flux talisman
 s - a granite talisman
Wands
 o - a wand of charming (1)
 q - a wand of flame (24)
Scrolls
 f - a scroll of fog {unknown}
 h - 2 scrolls of enchant armour
 j - 3 scrolls of identify
 k - a scroll of enchant weapon {unknown}
 m - a scroll of butterflies {unknown}
 p - a scroll of immolation {unknown}
 r - a scroll of vulnerability {unknown}
Potions
 g - a potion of mutation {unknown}
 i - 2 potions of curing
 l - 2 potions of haste {unknown}
 n - 2 potions of heal wounds {unknown}
 t - a potion of degeneration {unknown}
 u - 2 potions of attraction {unknown}


   Skills:
 + Level 4.7 Fighting
 + Level 2.0 Dodging
 + Level 6.0 Stealth
 - Level 3.0 Unarmed Combat
 + Level 4.1 Spellcasting
 + Level 4.0 Air Magic
 + Level 5.3 Shapeshifting


You had 10 spell levels left.
You knew the following spells:

 Your Spells              Type           Power      Damage    Failure   Level
a - Swiftness             Air            14%        N/A       11%         3
b - Static Discharge      Conj/Air       16%        3-4/arc   13%         2

Your spell library contained the following spells:

 Spells                   Type           Power      Damage    Failure   Level
 Magic Dart               Conj           8%         1d3       19%         1
 Blink                    Tloc           4%         N/A       28%         2
 Call Imp                 Summ           4%         N/A       28%         2
 Ensorcelled Hibernation  Hex/Ice        4%         N/A       28%         2
 Airstrike                Air            7%         2d(1-17)  34%         4
 Passwall                 Erth           2%         N/A       50%         3
 Summon Lightning Spire   Summ/Air       8%         N/A       63%         4


Dungeon Overview and Level Annotations

Branches:
Dungeon (5/15)             Temple (0/1) D:5

Altars:
Uskayaw
Yredelemnul

Shops:
D:4 :


Innate Abilities, Weirdness & Mutations

You are a hulking beast.
Your limbs bulge with bestial killing power. (Slay +3)
You cannot wear most types of armour.
You are amphibious.
You can wear up to eight rings at the same time.
Your skin changes colour to match your surroundings (Stealth+).
Your rubbery body absorbs attacks. (AC +1, EV +1)
((You are camouflaged when in or above water. (Stealth+)))
You have tentacles for arms and can constrict up to eight enemies at once.


Message History

You constrict the wight. The wight hits you with a +5 flail!
You tentacle-slap the wight but do no damage.
The wight is heavily damaged.
You constrict the wight. The wight misses you.
You tentacle-slap the wight. You squeeze the wight.
The wight is almost destroyed.
You constrict the wight. The wight hits you with a +5 flail!
You feel drained.
You are too injured to fight recklessly!
You are too injured to fight recklessly!
You tentacle-slap the wight.
You destroy the wight!
Your life force feels restored.
Your Air Magic skill increases to level 4!
Things that are here:
a +5 flail; a +0 robe You start resting.
HP restored.
You start waiting.
Done waiting.
There is a stone staircase leading down, spattered with blood here.
There is a stone staircase leading down here.
You climb downwards.
There is a stone staircase leading up here.
You tentacle-slap the wight but do no damage.
Your grab misses the wight. The wight hits you with a +4 trident.
You feel drained. The wight hits you with a +4 trident!
The wight hits you from afar with a +3 halberd!
You feel drained.
You climb upwards.
There is a stone staircase leading down here.
You tentacle-slap the wight. You grab the wight. You squeeze the wight.
The wight is moderately damaged.
You constrict the wight. The wight hits you with a +4 trident!
* * * LOW HITPOINT WARNING * * *
You feel drained.
* * * LOW HITPOINT WARNING * * *
It was a potion of curing.
You feel better.
You constrict the wight. The wight hits you with a +4 trident!
You die...

#.##......
#####.##.##..#
#########........##..#
#.........###.#####.)#
#.##.#.#### #........#
#.##.#.## ########.#
#.##....############..
#.#...z...#.......####
#.#.#h....#.......####
#.........#..........#
###.#.....#........#.#
#.#.....#..........#
#.......#.......#.##
##......#.......#.#
#.#.##.#########.#
#.#.##.....# #)#
#.#......#.# #.##


You could see a wight.

Vanquished Creatures
  Pikel (D:4)
  Sigmund (D:4)
  Edmund (D:4)
  A black bear (D:5)
  Blork the orc (D:4)
  A scorpion (D:4)
  A wight (D:4)
  A bombardier beetle (D:3)
  A hound (D:4)
  3 iguanas
  Terence (D:3)
  Robin (D:2)
  7 gnolls (D:4)
  4 adders
  2 ribbon worms (D:2)
  2 dart slugs
  A bat (D:2)
  11 endoplasms
  4 giant cockroaches
  11 hobgoblins
  4 jackals (D:4)
  4 quokkas
  8 ball pythons
  5 frilled lizards
  18 goblins
  8 kobolds
  5 rats
108 creatures vanquished.

Notes
Turn   | Place    | Note
-------+----------+-------------------------------------------
     0 | D:1      | warriortoast the Octopode Shapeshifter began the quest for
                  | the Orb.
     0 | D:1      | Reached XP level 1. HP: 13/13 MP: 1/1
   106 | D:1      | Reached XP level 2. HP: 14/18 MP: 2/2
   152 | D:1      | Reached skill level 1 in Stealth
   618 | D:1      | Reached skill level 1 in Spellcasting
   618 | D:1      | Reached XP level 3. HP: 20/23 MP: 4/4
  1187 | D:2      | Reached skill level 2 in Stealth
  1354 | D:2      | Reached XP level 4. HP: 29/29 MP: 5/5
  1391 | D:2      | Found a basalt altar of Yredelemnul.
  1591 | D:2      | Noticed Robin
  1923 | D:2      | Killed Robin
  2082 | D:2      | Learned a level 3 spell: Swiftness
  2107 | D:2      | Reached XP level 5. HP: 25/34 MP: 7/7
  2295 | D:2      | Reached skill level 3 in Stealth
  2501 | D:3      | Found a hide-covered altar of Uskayaw.
  2543 | D:3      | Noticed Terence
  2549 | D:3      | Learned a level 2 spell: Static Discharge
  2578 | D:3      | Killed Terence
  2792 | D:3      | Reached skill level 1 in Air Magic
  3303 | D:4      | Reached XP level 6. HP: 18/41 MP: 9/9
  3512 | D:4      | Noticed Edmund
  3531 | D:4      | Killed Edmund
  3532 | D:4      | Reached skill level 4 in Stealth
  3809 | D:4      | Noticed Blork the orc
  3823 | D:4      | Killed Blork the orc
  3824 | D:4      | Reached XP level 7. HP: 35/46 MP: 9/11
  3937 | D:4      | Noticed Sigmund
  4300 | D:4      | Killed Sigmund
  4314 | D:4      | Reached skill level 5 in Stealth
  4408 | D:4      | Found Fif Coig's Self-Improvement Boutique.
  4530 | D:4      | Noticed Pikel
  4550 | D:4      | Killed Pikel
  4551 | D:4      | Reached skill level 6 in Stealth
  4551 | D:4      | Reached skill level 5 in Shapeshifting
  4551 | D:4      | Reached XP level 8. HP: 54/54 MP: 11/13
  4839 | D:5      | Entered Level 5 of the Dungeon
  4839 | D:5      | Found a staircase to the Ecumenical Temple.
  5224 | D:4      | Slain by a wight

Illustrated notes

Levels and vault maps discovered:
D:1:      dpeg_arrival_snail, layout_basic, item_on_display_a
D:2:      minmay_chambers_of_twos, layout_loops_corners, basic_altar, uniq_robin
D:3:      layout_rooms, eat_drink_and_be_merry_uskayaw,
          minmay_misc_feat_nine_boxes, uniq_terence
D:4:      layout_loops_cross, lightli_ossuary_entry_decrepit_ruins,
          nicolae_shop_self_help, uniq_pikel, uniq_sigmund, uniq_edmund,
          uniq_blork_the_orc
D:5:      layout_basic, general_overflow_altar, nicolae_vehumet_altar_sigil,
          minmay_temple_entry_butterflies

Skill      XL: |  1  2  3  4  5  6  7  8 |
---------------+-------------------------+-----
Stealth        | 1 2 3 4 6 |  6.0
Spellcasting   | 1 2 3 4 |  4.1
Fighting       | 2 3 4 |  4.7
Air Magic      | 1 2 3 4 |  4.0
Shapeshifting  | 4 5 |  5.3
Dodging        | |  2.0
Unarmed Combat | |  3.0

Action                     |  1- 3 |  4- 6 |  7- 9 || total
---------------------------+-------+-------+-------++-------
  Melee: Unarmed           |    54 |   122 |    56 ||   232
         Constrict         |    13 |    29 |    17 ||    59
         Tentacles         |    13 |    23 |    20 ||    56
         Punch             |       |     4 |       ||     4
  Evoke: Wand              |       |     5 |       ||     5
    Use: Scroll            |       |     4 |       ||     4
         Potion            |       |     2 |     2 ||     4
   Stab: Sleeping          |    11 |    11 |     1 ||    23
 Armour: Skin              |    13 |    56 |    34 ||   103
  Dodge: Dodged            |    24 |    60 |    32 ||   116

Table legend: (Time is in decaauts)
 A = Elapsed time spent in this place.
 B = Non-inter-level travel time spent in this place.
 C = Inter-level travel time spent in this place.
 D = Time resting spent in this place.
 E = Time spent auto-exploring this place.
 F = Levels seen in this place.
 G = Mean time per level.
                   A        B        C        D        E       F      G
               +--------+--------+--------+--------+--------+-----+--------+
         Total |   5232 |   5094 |    138 |   1296 |   2990 |   5 | 1046.4 |
       Dungeon |   5232 |   5094 |    138 |   1296 |   2990 |   5 | 1046.4 |
               +--------+--------+--------+--------+--------+-----+--------+

Top non-repeatable levels by time:
     D:4: 1852 daAuts
     D:1: 1265 daAuts
     D:2: 1174 daAuts
     D:3: 816 daAuts
     D:5: 124 daAuts
